[Event "Titled Tuesday Blitz March 28 Late 2023"]
[White "Skibbe, Willi"]
[Black "Kubatko, Ivan"]
[WhiteFideId "4682190"]
[BlackFideId "24111473"]
[WhiteElo "2309"]
[BlackElo "2285"]
[Result "1/2-1/2"]
[Round "07"]
[TimeControl "180+2"]
[Date "2023.03.28"]
[WhiteClock "0:00:26"]
[BlackClock "0:00:04"]

1. d4 d5 2. Nf3 c5 3. dxc5 e6 4. a3 Bxc5 5. b4 Bb6 6. Bb2 Nf6 7. e3 O-O 8. c4 Nc6 9. Nbd2 d4 10. c5 dxe3 11. fxe3 Bc7 12. Qc2 e5 13. Bd3 Qe7 14. O-O Bg4 15. Ng5 h6 16. Rxf6 Qxf6 17. Nh7 Qh4 18. g3 Qh5 19. Nxf8 Rxf8 20. Rf1 Be2 21. Rf2 Bxd3 22. Qxd3 Rd8 23. Qe2 Qxe2 24. Rxe2 f5 25. Nc4 e4 26. Rd2 Rxd2 27. Nxd2 Be5 28. Nc4 Bxb2 29. Nxb2 Ne5 30. h4 g6 31. Kf2 Kf7 32. Ke2 Ke6 33. Kd2 g5 34. hxg5 hxg5 35. Kc3 Ng4 36. Kd4 Nf2 37. b5 Ng4 38. Nc4 Nf6 39. a4 Nd5 40. a5 Nb4 41. Nb2 Nc2+ 42. Kc3 Nxe3 43. c6 bxc6 44. b6 axb6 45. a6 Nd5+ 46. Kc4 Nc7 47. a7 f4 48. gxf4 gxf4 49. Kd4 Kf5 50. Nc4 b5 51. Nd6+ Kg4 52. Nxe4 f3 53. Ke3 b4 54. Nf2+ Kg3 55. Nd3 b3 56. Kd2 f2 57. Nxf2 Kxf2 58. Kc3 Ke3 59. Kxb3 Kd4 60. Kb4 c5+ 61. Ka5 c4 62. Kb6 Nd5+ 63. Kb7 c3 64. a8=Q c2 65. Qa1+ Nc3 66. Kc6 Kd3 67. Kc5 Ne2 68. Qa3+ Kd2 69. Qb4+ Kd3 70. Qc4+ Kd2 71. Qd5+ Ke1 72. Qg5 c1=Q+ 73. Qxc1+ Nxc1 1/2-1/2


[Site "https://www.chess.com"]

[Event "Titled Tuesday Blitz March 28 Late 2023"]
[White "Sarkar, Justin"]
[Black "Zavortink, Matt"]
[WhiteFideId "2010011"]
[BlackFideId "2034263"]
[WhiteElo "2189"]
[BlackElo "2374"]
[Result "1-0"]
[Round "07"]
[TimeControl "180+2"]
[Date "2023.03.28"]
[WhiteClock "0:00:03"]
[BlackClock "0:00:13"]

1. e4 e6 2. d4 d5 3. Nd2 c5 4. dxc5 Nf6 5. exd5 Qxd5 6. Ngf3 Qxc5 7. Bd3 Nbd7 8. O-O Qc7 9. a4 Nc5 10. Bb5+ Bd7 11. Qe2 a6 12. Bxd7+ Ncxd7 13. Nc4 Be7 14. a5 O-O 15. b3 Nd5 16. Bb2 Bf6 17. Bxf6 N7xf6 18. Nfe5 Rfd8 19. g3 Qc5 20. Rfd1 Nc3 21. Rxd8+ Rxd8 22. Qe3 Qxe3 23. Nxe3 Rd2 24. Nf3 Re2 25. Nd4 Rd2 26. Nf3 Rd8 27. Kf1 Nfe4 28. Ke1 f6 29. h4 Kf7 30. Nc4 e5 31. Nfd2 Ke6 32. Nxe4 Nxe4 33. Ke2 Nc3+ 34. Ke3 Nd5+ 35. Ke2 Rc8 36. Ke1 g6 37. Rd1 f5 38. Rxd5 Rc6 39. Rxe5+ Kf6 40. f4 h6 41. Ke2 Rc7 42. Ke3 Rd7 43. Nb6 Rd1 44. Nd5+ Kf7 45. Re7+ Kf8 46. Rd7 Re1+ 47. Kd4 Rg1 48. Ke5 Rxg3 49. Kf6 Ke8 50. Rxb7 g5 51. Ke6 Kd8 52. Rb8# 1-0


[Site "https://www.chess.com"]

[Event "Titled Tuesday Blitz March 28 Late 2023"]
[White "Eggleston, Thomas A"]
[Black "Palacio,Igor Da Paz"]
[WhiteFideId "412139"]
[BlackFideId "2121140"]
[WhiteElo "2155"]
[BlackElo "2126"]
[Result "0-1"]
[Round "07"]
[TimeControl "180+2"]
[Date "2023.03.28"]
[WhiteClock "0:00:07"]
[BlackClock "0:00:15"]

1. e4 d6 2. d4 Nf6 3. Nc3 g6 4. Nf3 Bg7 5. h3 O-O 6. Be3 Nc6 7. Be2 e5 8. dxe5 dxe5 9. Qc1 Nd4 10. Bd3 Nxf3+ 11. gxf3 Nh5 12. Bh6 Nf4 13. Bxf4 exf4 14. Qxf4 c6 15. Qd2 Qh4 16. f4 Re8 17. O-O-O Bh6 18. Ne2 Be6 19. Kb1 f5 20. e5 Bd5 21. Rh2 Rxe5 22. c4 Bf3 23. Re1 Bxe2 24. Rxe2 Bxf4 25. Qb4 Rxe2 26. Bxe2 Bxh2 27. Qxb7 Qe4+ 28. Ka1 Rb8 29. Qd7 Qxe2 30. Qe6+ Qxe6 0-1


[Site "https://www.chess.com"]

[Event "Titled Tuesday Blitz March 28 Late 2023"]
[White "Figorito, Nick"]
[Black "Escanor89"]
[WhiteFideId "30923689"]
[WhiteElo "2320"]
[BlackElo "2490"]
[Result "0-1"]
[Round "07"]
[TimeControl "180+2"]
[Date "2023.03.28"]
[WhiteClock "0:00:13"]
[BlackClock "0:00:37"]

1. Nf3 Nf6 2. g3 e6 3. Bg2 d5 4. O-O Be7 5. d4 O-O 6. c4 dxc4 7. Qc2 a6 8. Qxc4 b5 9. Qc2 Bb7 10. Bd2 Be4 11. Qc1 Nbd7 12. Nc3 Bb7 13. Bf4 c5 14. dxc5 Nxc5 15. Rd1 Qc8 16. b4 Nce4 17. Nxe4 Nxe4 18. Qxc8 Raxc8 19. Rd7 Bf6 20. Be5 Bd5 21. Bxf6 gxf6 22. Nd4 Rc4 23. e3 Rxb4 24. Ra7 Ra4 25. a3 Rc8 26. Bf1 Rc3 27. Ne2 Rcxa3 28. Rc1 Bc4 29. Nf4 Ra1 0-1


[Site "https://www.chess.com"]

[Event "Titled Tuesday Blitz March 28 Late 2023"]
[White "Quinones Garcia, Santiago"]
[Black "Bongo Akanga Ndjila, Barthelemy"]
[WhiteFideId "4408497"]
[BlackFideId "10609431"]
[WhiteElo "2263"]
[BlackElo "1768"]
[Result "1-0"]
[Round "07"]
[TimeControl "180+2"]
[Date "2023.03.28"]
[WhiteClock "0:00:44"]
[BlackClock "0:00:02"]

1. d4 d5 2. c4 e6 3. Nc3 a6 4. Nf3 dxc4 5. a4 Nc6 6. e4 Na5 7. Be2 Bb4 8. O-O Nf6 9. Bg5 h6 10. Bh4 g5 11. e5 Nd5 12. Nxd5 exd5 13. Bg3 O-O 14. Qc2 Nb3 15. Rad1 Qd7 16. h4 g4 17. e6 Qxe6 18. Ne5 h5 19. Nxc4 dxc4 20. Bxc4 Nxd4 21. Qd3 Nf3+ 22. gxf3 Qf6 23. Qd5 Bf5 24. Be5 Qg6 25. fxg4 Bxg4 26. Kh2 Bd6 27. f3 Be6 28. Qd4 Bxe5+ 29. Qxe5 Bxc4 30. Rg1 Rfe8 31. Rxg6+ fxg6 32. Qf6 1-0


[Site "https://www.chess.com"]

[Event "Titled Tuesday Blitz March 28 Late 2023"]
[White "Rian, Kapriaga"]
[Black "KSho99"]
[WhiteFideId "7103263"]
[WhiteElo "2361"]
[BlackElo "2148"]
[Result "1-0"]
[Round "07"]
[TimeControl "180+2"]
[Date "2023.03.28"]
[WhiteClock "0:00:36"]
[BlackClock "0:00:02"]

1. d4 d5 2. Nf3 Nf6 3. Bf4 e6 4. e3 c5 5. c3 Bd6 6. Ne5 Qc7 7. Nd2 Nbd7 8. Ndf3 Ne4 9. Bd3 f6 10. Nxd7 Bxd7 11. Bxd6 Nxd6 12. O-O O-O 13. b4 cxb4 14. cxb4 Bb5 15. Rc1 Qb6 16. a3 Rac8 17. Qe2 Bxd3 18. Qxd3 Rc4 19. Nd2 Rxc1 20. Rxc1 Rc8 21. Rc5 Rc6 22. h4 Qc7 23. e4 Rxc5 24. dxc5 Nxe4 25. Nxe4 dxe4 26. Qxe4 Qc6 27. Qc4 Qd5 28. Qxd5 exd5 29. Kf1 Kf7 30. Ke2 Ke6 31. Ke3 Ke5 32. f4+ Kf5 33. b5 h5 34. a4 Ke6 35. Kd4 f5 36. g3 g6 37. a5 a6 38. c6 bxc6 39. bxa6 Kd6 40. a7 1-0


[Site "https://www.chess.com"]

[Event "Titled Tuesday Blitz March 28 Late 2023"]
[White "Ozalp, Burak"]
[Black "Hartikainen, Jarmo"]
[WhiteFideId "6314210"]
[BlackFideId "503134"]
[WhiteElo "2106"]
[BlackElo "2143"]
[Result "0-1"]
[Round "07"]
[TimeControl "180+2"]
[Date "2023.03.28"]
[WhiteClock "0:00:01"]
[BlackClock "0:00:03"]

1. Nf3 Nf6 2. g3 g6 3. Bg2 Bg7 4. O-O O-O 5. c4 c5 6. Nc3 Nc6 7. Rb1 d5 8. cxd5 Nxd5 9. Nxd5 Qxd5 10. d3 Qxa2 11. Be3 Nd4 12. Nd2 Qe6 13. Ne4 Qb6 14. Rc1 Qxb2 15. Re1 Qb3 16. Qd2 Qb4 17. Nxc5 Qxd2 18. Bxd2 Nc6 19. Nxb7 Bxb7 20. Bxc6 Bxc6 21. Rxc6 Rfc8 22. Rxc8+ Rxc8 23. Be3 a5 24. d4 Rd8 25. Ra1 Ra8 26. Ra4 e6 27. f4 Bf6 28. Bd2 Kg7 29. Kf2 Bd8 30. e4 f5 31. Ke3 Bb6 32. Kd3 Kf7 33. Be3 Ke7 34. Bd2 Kd7 35. exf5 gxf5 36. Kc4 Kc6 37. Be3 Rd8 38. Kd3 Rd5 0-1


[Site "https://www.chess.com"]

[Event "Titled Tuesday Blitz March 28 Late 2023"]
[White "Bolanos, Fernando"]
[Black "Vargas Rodriguez, Wilver"]
[WhiteFideId "3304094"]
[BlackFideId "3509672"]
[WhiteElo "2166"]
[BlackElo "2238"]
[Result "1-0"]
[Round "07"]
[TimeControl "180+2"]
[Date "2023.03.28"]
[WhiteClock "0:00:02"]
[BlackClock "0:00:01"]

1. e4 c5 2. Nf3 d6 3. d4 cxd4 4. Nxd4 Nf6 5. f3 a6 6. c4 g6 7. Be3 Bg7 8. Qd2 Nc6 9. Nc3 O-O 10. Be2 Re8 11. O-O Nxd4 12. Bxd4 Be6 13. Rfc1 Rc8 14. Nd1 Qd7 15. Nf2 Qa4 16. b3 Qc6 17. Qb2 b6 18. Nd3 Qb7 19. Nf4 Rc7 20. Bf1 Rec8 21. e5 dxe5 22. Bxe5 Rd7 23. Nxe6 fxe6 24. b4 Rcd8 25. Rc2 Rd1 26. Rxd1 Rxd1 27. Rd2 Rxd2 28. Qxd2 Qd7 29. Qe3 b5 30. cxb5 axb5 31. Qc5 Nd5 32. Bxg7 Kxg7 33. Bxb5 Qb7 34. a4 Qb8 35. Qd4+ Kf7 36. g3 Qc7 37. Qd2 Qb6+ 38. Kg2 Ne3+ 39. Kh3 Nf5 40. Qf4 Qg1 41. g4 g5 42. Qxg5 Ng7 43. Qf4+ 1-0


[Site "https://www.chess.com"]

[Event "Titled Tuesday Blitz March 28 Late 2023"]
[White "Li, Hui"]
[Black "Toma, Katarzyna"]
[WhiteFideId "15400310"]
[BlackFideId "1119907"]
[WhiteElo "1967"]
[BlackElo "2149"]
[Result "1-0"]
[Round "07"]
[TimeControl "180+2"]
[Date "2023.03.28"]
[WhiteClock "0:00:10"]
[BlackClock "0:00:11"]

1. e4 e5 2. Nf3 Nc6 3. Bb5 Nge7 4. O-O a6 5. Ba4 d6 6. c3 g6 7. d4 exd4 8. cxd4 b5 9. Bb3 Bg7 10. Nc3 O-O 11. Bg5 h6 12. Be3 Na5 13. Bc2 Nc4 14. Bc1 b4 15. Ne2 c5 16. Rb1 Bg4 17. b3 Nb6 18. dxc5 dxc5 19. Ng3 Qc7 20. h3 Rfd8 21. Qe2 Be6 22. Be3 c4 23. Bxb6 Qxb6 24. bxc4 Rac8 25. Bb3 a5 26. e5 Rd7 27. Rfd1 Rdc7 28. Ne4 Bxc4 29. Bxc4 Rxc4 30. Nd6 Qb8 31. Nxc4 Rxc4 32. Qxc4 1-0


[Site "https://www.chess.com"]

[Event "Titled Tuesday Blitz March 28 Late 2023"]
[White "Necula, Iulian"]
[Black "De Souza, Cristiano Gomes"]
[WhiteFideId "1232380"]
[BlackFideId "2151758"]
[WhiteElo "1790"]
[BlackElo "2068"]
[Result "1-0"]
[Round "07"]
[TimeControl "180+2"]
[Date "2023.03.28"]
[WhiteClock "0:01:27"]
[BlackClock "0:01:10"]

1. d4 Nf6 2. Nc3 g6 3. e4 d6 4. Be3 Bg7 5. Qd2 c6 6. O-O-O O-O 7. f3 b5 8. h4 h5 9. Nh3 b4 10. Ne2 a5 11. Kb1 Ba6 12. Nef4 Bxf1 13. Rhxf1 Nbd7 14. g4 hxg4 15. fxg4 e5 16. dxe5 Nxe5 17. Qxd6 Nfxg4 18. Bc5 Qxd6 19. Rxd6 Rfd8 20. Rfd1 Rxd6 21. Rxd6 Nc4 22. Rd7 Be5 23. b3 Na3+ 24. Kc1 Nf6 25. Re7 Rb8 26. Rxe5 1-0


[Site "https://www.chess.com"]

[Event "Titled Tuesday Blitz March 28 Late 2023"]
[White "Vemparala, Nikash"]
[Black "dorpato"]
[WhiteFideId "30960967"]
[WhiteElo "2023"]
[BlackElo "2042"]
[Result "0-1"]
[Round "07"]
[TimeControl "180+2"]
[Date "2023.03.28"]
[WhiteClock "0:00:06"]
[BlackClock "0:00:31"]

1. e4 c5 2. Nf3 g6 3. c3 Bg7 4. d4 cxd4 5. cxd4 d5 6. e5 Nc6 7. Nc3 Bg4 8. Be3 Bxf3 9. Qxf3 e6 10. Nb5 Bf8 11. Be2 a6 12. Nc3 Bg7 13. O-O Nge7 14. Rac1 O-O 15. h4 Nf5 16. Rfd1 Qxh4 17. g4 Nxe3 18. fxe3 f6 19. exf6 Bxf6 20. Qg2 Bg5 21. Rd3 Nxd4 22. Rcd1 Nxe2+ 23. Nxe2 Rf7 24. Nd4 Rf6 25. Nxe6 Rxe6 26. Qxd5 Re8 27. e4 Qxg4+ 28. Kh1 Bf4 29. Rg1 Qh4+ 30. Kg2 Qh2+ 31. Kf1 Kg7 32. Qd7+ R8e7 33. Qd4+ Be5 34. Qc4 Qf4+ 35. Ke1 Bf6 36. Kd1 Rxe4 37. Qc8 Rd4 38. Rg3 Qxg3 39. Rxd4 Bxd4 40. Qc4 Qe1+ 41. Kc2 Qf2+ 42. Kb3 Qe3+ 43. Kb4 Bc5+ 44. Qxc5 Qxc5+ 45. Kxc5 Re2 46. Kb6 Rxb2+ 47. Ka7 Rxa2 48. Kxb7 Rb2+ 49. Kc7 a5 50. Kd7 0-1


[Site "https://www.chess.com"]

[Event "Titled Tuesday Blitz March 28 Late 2023"]
[White "Maluco_do_Natal_00"]
[Black "Osmonbekov, Talaibek"]
[BlackFideId "2017253"]
[WhiteElo "2036"]
[BlackElo "2135"]
[Result "0-1"]
[Round "07"]
[TimeControl "180+2"]
[Date "2023.03.28"]
[WhiteClock "0:00:02"]
[BlackClock "0:00:28"]

1. e4 c5 2. Nf3 d6 3. d4 cxd4 4. Nxd4 Nf6 5. Nc3 g6 6. Be3 Bg7 7. f3 O-O 8. Qd2 Nc6 9. Bc4 Bd7 10. h4 Rc8 11. Bb3 h5 12. O-O-O Nxd4 13. Bxd4 b5 14. Bxa7 b4 15. Nd5 Nxd5 16. exd5 Qa5 17. Bd4 Ba4 18. Kb1 Bxb3 19. cxb3 Bxd4 20. Qxd4 Ra8 21. a3 bxa3 22. bxa3 Rfb8 23. Rd3 Qxa3 24. Qb2 Qb4 25. Rc1 Qxh4 26. g4 hxg4 27. fxg4 Rc8 28. Rdc3 Qxg4 29. Rc7 Rxc7 30. Rxc7 Qf5+ 31. Kc1 Qf1+ 32. Kc2 Qe2+ 33. Kb1 Qe4+ 0-1


[Site "https://www.chess.com"]

[Event "Titled Tuesday Blitz March 28 Late 2023"]
[White "Dahlgren, James Allen"]
[Black "Maranhao,Jose Renato Ruiz"]
[WhiteFideId "22256873"]
[BlackFideId "2135175"]
[WhiteElo "2200"]
[BlackElo "1970"]
[Result "1-0"]
[Round "07"]
[TimeControl "180+2"]
[Date "2023.03.28"]
[WhiteClock "0:00:48"]
[BlackClock "0:00:01"]

1. d3 Nf6 2. f4 d5 3. Nf3 c5 4. g3 Nc6 5. Bg2 g6 6. Nc3 Bg7 7. O-O O-O 8. e4 dxe4 9. dxe4 Bg4 10. Be3 Qb6 11. b3 Rfd8 12. Nd5 Nxe4 13. Nxb6 Rxd1 14. Raxd1 axb6 15. a4 Nb4 16. c4 Nc3 17. Rde1 Nc6 18. h3 Bf5 19. Nh4 Bc2 20. f5 Bxb3 21. fxg6 hxg6 22. Bd5 e6 23. Bxc6 bxc6 24. Rf4 Rxa4 25. Bd2 g5 26. Rg4 gxh4 27. Bxc3 Rxc4 28. Rxg7+ Kh8 29. Bf6 hxg3 30. Ra1 Ra4 31. Rg4+ Kh7 32. Rgxa4 1-0


[Site "https://www.chess.com"]

[Event "Titled Tuesday Blitz March 28 Late 2023"]
[White "Khatena, Moshe"]
[Black "Vargas, Mauricio"]
[WhiteFideId "2010461"]
[BlackFideId "4404572"]
[WhiteElo "2162"]
[BlackElo "2025"]
[Result "1-0"]
[Round "07"]
[TimeControl "180+2"]
[Date "2023.03.28"]
[WhiteClock "0:00:42"]
[BlackClock "0:00:01"]

1. g4 c6 2. Bg2 g6 3. d4 Bg7 4. e4 d6 5. c4 Nf6 6. g5 Nh5 7. Ne2 Bg4 8. f3 Bc8 9. Nbc3 e6 10. Ng3 Nxg3 11. hxg3 b6 12. Be3 Bb7 13. Qd2 c5 14. d5 exd5 15. Nxd5 Nd7 16. O-O-O Ne5 17. Qe2 Bxd5 18. Rxd5 Qd7 19. f4 Nc6 20. Qd2 O-O-O 21. Bh3 f5 22. gxf6 Kb8 23. Bxd7 Rxd7 24. fxg7 Rxg7 25. Rxd6 Nb4 26. a3 Na6 27. Rd8+ 1-0


[Site "https://www.chess.com"]

[Event "Titled Tuesday Blitz March 28 Late 2023"]
[White "Adel, Sara"]
[Black "Gamboa, Juan Pablo"]
[WhiteFideId "10616764"]
[BlackFideId "105180"]
[WhiteElo "1982"]
[BlackElo "1866"]
[Result "1-0"]
[Round "07"]
[TimeControl "180+2"]
[Date "2023.03.28"]
[WhiteClock "0:02:22"]
[BlackClock "0:02:11"]

1. e4 e6 2. d4 d5 3. Nd2 c5 4. dxc5 Bxc5 5. Ngf3 dxe4 6. Nxe4 Qxd1+ 7. Kxd1 Be7 8. Bf4 Nc6 9. Bb5 Bd7 10. Ke2 Nf6 11. Nc3 O-O 12. Rhd1 a6 13. Bxc6 Bxc6 14. Rd2 Rfd8 15. Rad1 Rxd2+ 16. Rxd2 Bb4 17. Be5 Nd5 18. Nxd5 Bxd2 19. Ne7+ Kf8 20. Nxc6 bxc6 21. Nxd2 f6 22. Bd6+ Kf7 23. Bc5 Rb8 24. b3 Rb5 25. Ne4 Ra5 26. a4 f5 27. Nd6+ Kg6 28. Nb7 Rxc5 29. Nxc5 e5 30. Ke3 e4 31. Nxa6 Kf6 32. Nb4 g5 33. g3 c5 34. Na6 Ke5 35. Nxc5 f4+ 36. gxf4+ gxf4+ 37. Ke2 Kd4 38. Ne6+ Ke5 39. Nxf4 Kxf4 40. a5 Ke5 41. a6 Kd6 42. a7 1-0


[Site "https://www.chess.com"]

[Event "Titled Tuesday Blitz March 28 Late 2023"]
[White "Burke, Paul"]
[Black "Kornyukov, Alexey"]
[WhiteFideId "2605767"]
[BlackFideId "4150457"]
[WhiteElo "1952"]
[BlackElo "2352"]
[Result "0-1"]
[Round "07"]
[TimeControl "180+2"]
[Date "2023.03.28"]
[WhiteClock "0:00:32"]
[BlackClock "0:00:06"]

1. e4 c5 2. d4 cxd4 3. c3 Nf6 4. Bd3 Nc6 5. Nf3 e5 6. Bc4 h6 7. O-O Be7 8. cxd4 Nxe4 9. dxe5 d5 10. exd6 Nxd6 11. Be2 O-O 12. Nc3 Be6 13. Bf4 Nf5 14. h3 Nfd4 15. Nxd4 Nxd4 16. Bf3 Nxf3+ 17. Qxf3 Qb6 18. Qg3 Kh7 19. b3 Rac8 20. Ne4 Bf5 21. Nd6 Bxd6 22. Bxd6 Rfe8 23. Be5 f6 24. Bf4 Rc2 25. Be3 Qa5 26. Qf4 Be4 27. a4 a6 28. Qd6 Bc6 29. b4 Qf5 30. Qg3 Re4 31. Bc5 Ree2 32. Rae1 Qe6 33. Rxe2 Qxe2 34. Qe3 Qxe3 35. Bxe3 Bxa4 36. Bc5 Bc6 37. Re1 a5 38. Re7 a4 39. b5 Bxb5 40. Rxb7 Rxc5 41. Ra7 Rc1+ 42. Kh2 Ra1 43. Kg3 a3 44. Kf4 a2 45. Kf5 Bc4 46. Kf4 Rc1 47. f3 a1=Q 0-1


[Site "https://www.chess.com"]

[Event "Titled Tuesday Blitz March 28 Late 2023"]
[White "Torres Dominguez, David"]
[Black "Tsukerman, Julia"]
[WhiteFideId "2220857"]
[BlackFideId "2621649"]
[WhiteElo "1999"]
[BlackElo "1667"]
[Result "0-1"]
[Round "07"]
[TimeControl "180+2"]
[Date "2023.03.28"]
[WhiteClock "0:00:04"]
[BlackClock "0:00:07"]

1. e4 c5 2. Nc3 Nc6 3. Bb5 Nd4 4. Bc4 e6 5. Nge2 Ne7 6. O-O g6 7. Nxd4 cxd4 8. Nb5 d5 9. e5 Nc6 10. Bb3 a6 11. Nd6+ Bxd6 12. exd6 Qxd6 13. d3 O-O 14. Re1 Bd7 15. Qf3 Kg7 16. h4 h5 17. c4 dxc4 18. dxc4 Na5 19. Bc2 Nxc4 20. Bf4 e5 21. Bg3 Bc6 22. Qe2 Qc5 23. Bd3 Qd5 24. Qf1 Nxb2 25. Bxe5+ f6 26. Be4 Qb5 27. Bxc6 Qxc6 28. Bxd4 Na4 29. Rac1 Qd7 30. Ba1 Nb6 31. Red1 Qf7 32. Rb1 Nd5 33. Qc4 Rfd8 34. Qb3 Rab8 35. Qb2 Ne7 36. Rxd8 Rxd8 37. Rc1 Rd7 38. Kh2 Nf5 39. g3 Re7 40. Rc8 Rd7 41. Rb8 Nd6 0-1


[Site "https://www.chess.com"]

[Event "Titled Tuesday Blitz March 28 Late 2023"]
[White "Pein, Jonathan"]
[Black "Narva, Triin"]
[WhiteFideId "417092"]
[BlackFideId "4502680"]
[WhiteElo "2151"]
[BlackElo "1944"]
[Result "0-1"]
[Round "07"]
[TimeControl "180+2"]
[Date "2023.03.28"]
[WhiteClock "0:00:34"]
[BlackClock "0:00:08"]

1. e4 d5 2. Nc3 d4 3. Nce2 e5 4. Ng3 c5 5. Bb5+ Nc6 6. Bxc6+ bxc6 7. d3 Bd6 8. N1e2 h5 9. h4 Rb8 10. b3 Bg4 11. Qd2 Ne7 12. f3 Bd7 13. Qg5 Ng6 14. Nxh5 Be7 15. Nxg7+ Kf8 16. Qg3 Kxg7 17. h5 Bh4 18. Rxh4 Qxh4 19. hxg6 Qxg3+ 20. Nxg3 fxg6 21. a4 Rh2 22. Kf2 Bh3 23. Ne2 Rxg2+ 24. Ke1 Rf8 25. f4 Bg4 26. Nxd4 exd4 27. Kf1 Rxc2 28. e5 Be2+ 29. Kf2 Bxd3+ 30. Kf3 g5 31. e6 gxf4 32. Bxf4 Be2+ 33. Kg3 Kf6 34. Rh1 Rg8+ 35. Kf2 Bd3+ 36. Kf3 Be2+ 37. Ke4 Kxe6 38. Rh6+ Kf7 39. Kf5 Bd3+ 40. Ke5 Re2+ 41. Kd6 Rg6+ 42. Rxg6 Kxg6 43. Be5 Bc2 44. Bf4 Bxb3 45. Kxc5 d3 46. Kd4 d2 47. Bxd2 Rxd2+ 48. Kc3 Rc2+ 49. Kxb3 Rc1 50. Kb2 Rc5 51. Kb3 Ra5 52. Kb4 Ra6 53. a5 Kf6 54. Kc5 Rxa5+ 55. Kxc6 Ra1 56. Kb5 a5 57. Kc4 a4 58. Kc3 Rh1 59. Kc2 Ke5 60. Kb2 Kd4 61. Ka3 Kc4 62. Kxa4 Ra1# 0-1


[Site "https://www.chess.com"]

[Event "Titled Tuesday Blitz March 28 Late 2023"]
[White "Stanisz, Patryk"]
[Black "dDobravcan"]
[WhiteFideId "1123106"]
[WhiteElo "2069"]
[BlackElo "2131"]
[Result "1-0"]
[Round "07"]
[TimeControl "180+2"]
[Date "2023.03.28"]
[WhiteClock "0:00:35"]
[BlackClock "0:00:46"]

1. d4 d6 2. c3 Nd7 3. d5 e6 4. e4 Ngf6 5. Bd3 exd5 6. exd5 Nxd5 7. Bxh7 Nxc3 8. Nxc3 Rxh7 9. Nf3 c6 10. Bg5 Qa5 11. Qd3 g6 12. O-O-O Nc5 13. Rhe1+ Ne6 14. Bf6 Bh6+ 15. Kb1 d5 16. Nd4 Kf8 17. Nxe6+ Bxe6 18. Rxe6 fxe6 19. Qxg6 Bg7 20. Qxh7 Bxf6 21. Qxb7 Re8 22. Rd3 Re7 23. Qxc6 Kf7 24. Rf3 Qb4 25. Rxf6+ Kxf6 26. Nxd5+ 1-0


[Site "https://www.chess.com"]

[Event "Titled Tuesday Blitz March 28 Late 2023"]
[White "Sanchez, Robert"]
[Black "Barria Santos, Jose Guilherme"]
[WhiteFideId "2034360"]
[BlackFideId "1939300"]
[WhiteElo "2079"]
[BlackElo "2301"]
[Result "0-1"]
[Round "07"]
[TimeControl "180+2"]
[Date "2023.03.28"]
[WhiteClock "0:00:02"]
[BlackClock "0:00:06"]

1. e4 c5 2. Nf3 d6 3. d4 cxd4 4. Nxd4 Nf6 5. Nc3 a6 6. Be3 e5 7. Nb3 Be6 8. f3 Be7 9. Qd2 h5 10. O-O-O Nbd7 11. Kb1 Rc8 12. Nd5 Bxd5 13. exd5 b5 14. Be2 Nb6 15. Bxb6 Qxb6 16. c4 bxc4 17. Qc3 O-O 18. Bxc4 a5 19. Nxa5 Ra8 20. Nc6 Bd8 21. Bb3 Nd7 22. g4 Bf6 23. Qc2 hxg4 24. fxg4 Nc5 25. h4 e4 26. g5 Bd8 27. Rhe1 Re8 28. Qc4 e3 29. Rd4 f6 30. g6 f5 31. Rf4 Bf6 32. Rxf5 Re4 33. Qe2 Nxb3 34. Qh5 Nd2+ 35. Kc2 Rc4+ 36. Kd3 Rc3+ 37. bxc3 Qb5+ 38. Kxe3 Nc4+ 39. Kf2 Rxa2+ 40. Kg3 0-1


[Site "https://www.chess.com"]

[Event "Titled Tuesday Blitz March 28 Late 2023"]
[White "Nakamura, Hikaru"]
[Black "Sadhwani, Raunak"]
[WhiteFideId "2016192"]
[BlackFideId "35093487"]
[WhiteElo "2879"]
[BlackElo "2631"]
[Result "0-1"]
[Round "08"]
[TimeControl "180+2"]
[Date "2023.03.28"]
[WhiteClock "0:00:02"]
[BlackClock "0:00:03"]

1. e4 e5 2. Nf3 Nc6 3. Bb5 Nf6 4. d3 Bc5 5. O-O Nd4 6. Be3 Nxf3+ 7. Qxf3 Bxe3 8. Qxe3 c6 9. Bc4 O-O 10. Bb3 Qb6 11. Qxb6 axb6 12. Nd2 b5 13. c4 d6 14. cxb5 cxb5 15. Rfc1 Be6 16. Bxe6 fxe6 17. a3 Rfc8 18. Kf1 Nd7 19. Ke2 Kf7 20. g3 Nc5 21. b4 Na4 22. Nb3 Ke7 23. d4 Nb2 24. Na5 exd4 25. Nxb7 Nc4 26. f4 Kd7 27. Kd3 e5 28. Rc2 Rc7 29. Na5 Nxa5 30. bxa5 Rxa5 31. Rxc7+ Kxc7 32. Kc2 Ra4 33. Kb3 Rc4 34. fxe5 dxe5 35. Rg1 Kb6 36. Rf1 Rc3+ 37. Kb4 Rc4+ 38. Kb3 d3 39. Rd1 Rd4 40. Kc3 Ka5 41. Kd2 Rxe4 42. Rf1 Rd4 43. Rf7 e4 44. Ra7+ Kb6 45. Re7 Kc5 46. Rc7+ Kd6 47. Rc8 Rd5 0-1


[Site "https://www.chess.com"]

[Event "Titled Tuesday Blitz March 28 Late 2023"]
[White "Xiong, Jeffery"]
[Black "Bortnyk, Olexandr"]
[WhiteFideId "2047640"]
[BlackFideId "14120828"]
[WhiteElo "2726"]
[BlackElo "2734"]
[Result "0-1"]
[Round "08"]
[TimeControl "180+2"]
[Date "2023.03.28"]
[WhiteClock "0:01:49"]
[BlackClock "0:01:12"]

1. e4 Nf6 2. e5 Nd5 3. c4 Nb6 4. d4 d6 5. f4 dxe5 6. fxe5 Bf5 7. Nc3 e6 8. Nf3 Bb4 9. Bd3 c5 10. Bg5 Qd7 11. Bxf5 exf5 12. d5 Bxc3+ 13. bxc3 O-O 14. Qb3 Qa4 15. Qxa4 Nxa4 16. Ke2 Nd7 17. Rhe1 Rfe8 18. Kd2 Nb2 19. e6 Nxc4+ 20. Kd3 Ndb6 21. e7 f6 22. Bf4 Nxd5 23. Kxc4 Nxf4 24. Rad1 Nxg2 25. Re2 Nf4 26. Ree1 Kf7 27. Rd7 b6 28. h4 Ng6 29. h5 Nxe7 30. Nh4 Kf8 31. Rg1 a6 32. a4 b5+ 33. axb5 axb5+ 34. Kxb5 Reb8+ 35. Kxc5 Rc8+ 36. Kb6 Rab8+ 37. Ka7 Nc6+ 38. Ka6 Rb3 0-1


[Site "https://www.chess.com"]

[Event "Titled Tuesday Blitz March 28 Late 2023"]
[White "Erigaisi Arjun"]
[Black "Sargsyan, Shant"]
[WhiteFideId "35009192"]
[BlackFideId "13306766"]
[WhiteElo "2737"]
[BlackElo "2628"]
[Result "1/2-1/2"]
[Round "08"]
[TimeControl "180+2"]
[Date "2023.03.28"]
[WhiteClock "0:00:04"]
[BlackClock "0:00:04"]

1. b3 g6 2. Bb2 Nf6 3. g3 Bg7 4. Nf3 O-O 5. Bg2 c5 6. c4 Nc6 7. O-O d6 8. d4 Ne4 9. e3 Bg4 10. h3 Bxf3 11. Bxf3 Ng5 12. Bg2 cxd4 13. exd4 Ne6 14. Bxc6 bxc6 15. Qd2 c5 16. dxc5 dxc5 17. Bxg7 Qxd2 18. Nxd2 Kxg7 19. Ne4 Rfd8 20. Rad1 f5 21. Nc3 Nd4 22. f4 Kf7 23. Kf2 a5 24. Na4 Rac8 25. Rfe1 Ne6 26. Ke3 h6 27. Rd3 g5 28. Rd5 gxf4+ 29. gxf4 Rxd5 30. cxd5 Nc7 31. Rd1 Rd8 32. Nc3 Rg8 33. Kf3 Rd8 34. Rd3 Kf6 35. Rd2 Rd6 36. Ke3 Rd8 37. h4 Rg8 38. d6 exd6 39. Rxd6+ Ke7 40. Rxh6 Rg3+ 41. Kd2 Ne6 42. Nd5+ Kd7 43. h5 Rh3 44. Nb6+ Ke7 45. Rh7+ Ke8 46. Nd5 Nd4 47. h6 a4 48. bxa4 c4 49. Re7+ Kf8 50. h7 c3+ 51. Ke1 Rh1+ 52. Kf2 c2 53. Rc7 Rxh7 54. Rc8+ Kf7 55. Nb4 Rh1 56. Nd3 Rh3 57. Nb4 Rh1 58. Nd3 Rh3 59. Nb4 Ke6 60. Rc4 Rh1 61. Nd3 Kd5 62. Rc3 Ke4 63. a5 Rh2+ 64. Kf1 Rh1+ 65. Kg2 Rd1 66. Nf2+ Kxf4 67. Rxc2 Ra1 68. Rc4 Ke5 69. Ra4 Kd5 70. a6 Nc6 71. a7 Nxa7 72. Rxa7 Kc4 73. Kf3 Kc3 74. a4 Kb4 75. Nd3+ Kc4 76. Rd7 Ra3 77. Kf4 Kc3 78. Nc5 Kc4 79. Rc7 Kd5 80. Kxf5 Rc3 81. Na6 Rf3+ 82. Kg5 Ra3 83. Nc5 Rc3 84. Rd7+ Kc6 85. Rf7 Rxc5+ 86. Rf5 Rxf5+ 87. Kxf5 Kb6 88. Ke4 Ka5 89. Kd4 Kxa4 1/2-1/2


[Site "https://www.chess.com"]